 Dungeon Crawl Stone Soup version 0.30.1-4-g462c640d31 (webtiles) character file.

Game seed: 1298604509503030584

417 Bobit the Protected (level 6, 0/57 HPs)
             Began as a Gnoll Wanderer on Aug 20, 2023.
             Was a Believer of Nemelex Xobeh.
             Killed by divine providence
             ... invoked by an orc priest
              (16 damage)
             ... on level 5 of the Dungeon.
             The game lasted 00:06:56 (3584 turns).

Bobit the Protected (Gnoll Wanderer)                Turns: 3584, Time: 00:06:56

Health: 0/57       AC: 11    Str: 18    XL:     6   Next: 93%
Magic:  9/9        EV:  8    Int: 10    God:    Nemelex Xobeh [**....]
Gold:   184        SH:  0    Dex:  8    Spells: 9/9 levels left

rFire   + . .        a - +3 hand axe
rCold   x . .        (no shield)
rNeg    . . .        l - +0 chain mail
rPois   .            (no helmet)
rElec   .            (no cloak)
rCorr   .            (no gloves)
SInv    .            (no boots)
Will    .....        (no amulet) Stlth
                     h - ring of fire
HPRegen 0.29/turn    (no ring)
MPRegen 0.11/turn

%: no passive effects
@: no status effects
A: fangs 1, strong nose, distributed training
a: Renounce Religion, Draw Escape, Draw Destruction, Draw Summoning


You were on level 5 of the Dungeon.
You worshipped Nemelex Xobeh.
Nemelex Xobeh was pleased with you.
You visited 1 branch of the dungeon, and saw 5 of its levels.

You collected 184 gold pieces.

Inventory:

Hand Weapons
 a - a +3 hand axe (weapon)
Armour
 b - a +0 ring mail
 l - a +0 chain mail (worn)
 n - the +2 robe of the Unseen Realm {rPois Str+3}
   (You found it on level 2 of the Dungeon)

   Str:       It affects your strength (+3).
   rPois:     It protects you from poison.
Jewellery
 h - a ring of fire (left hand)
Scrolls
 e - a scroll of brand weapon {unknown}
 f - 3 scrolls of teleportation {unknown}
 g - a scroll of butterflies {unknown}
 i - a scroll of silence {unknown}
 k - 2 scrolls of magic mapping {unknown}
 p - a scroll of enchant weapon {unknown}
 q - a scroll of identify {unknown}
 t - a scroll of vulnerability {unknown}
 v - a scroll of acquirement {unknown}
 w - a scroll of noise {unknown}
Potions
 c - a potion of haste
 d - 6 potions of curing {unknown}
 j - a potion of attraction {unknown}
 m - a potion of invisibility {unknown}
 o - 2 potions of heal wounds {unknown}
 r - a potion of degeneration {unknown}
 s - a potion of might {unknown}
 u - 2 potions of berserk rage {unknown}
 x - a potion of brilliance {unknown}


   Skills:
 + Level 8.8 Fighting
 + Level 2.2 Short Blades
 + Level 2.2 Long Blades
 + Level 5.1 Axes
 + Level 2.2 Maces & Flails
 + Level 2.2 Polearms
 + Level 2.2 Staves
 + Level 2.2 Ranged Weapons
 + Level 2.2 Throwing
 + Level 8.8 Armour
 + Level 2.2 Dodging
 + Level 2.2 Stealth
 + Level 2.2 Shields
 + Level 2.2 Unarmed Combat
 + Level 2.2 Spellcasting
 + Level 1.8 Conjurations
 + Level 1.8 Hexes
 + Level 1.8 Summonings
 + Level 1.8 Necromancy
 + Level 1.8 Translocations
 + Level 1.8 Transmutations
 + Level 1.8 Fire Magic
 + Level 1.8 Ice Magic
 + Level 1.8 Air Magic
 + Level 1.8 Earth Magic
 + Level 1.8 Poison Magic
 + Level 2.5 Invocations
 + Level 2.2 Evocations


You had 9 spell levels left.
You didn't know any spells.
Your spell library contained the following spells:

 Spells                   Type           Power      Damage    Failure   Level
 Summon Small Mammal      Summ           16%        N/A       71%         1
 Call Canine Familiar     Summ           4%         N/A       97%         3
 Ozocubu's Armour         Ice            4%         N/A       97%         3
 Summon Guardian Golem    Hex/Summ       4%         N/A       97%         3
 Ozocubu's Refrigeration  Ice            2%         4d7       100%        7


Dungeon Overview and Level Annotations

Branches:
Dungeon (5/15)
 Temple: D:4-7

Altars:
Nemelex Xobeh

Shops:
D:4 (


Innate Abilities, Weirdness & Mutations

You have very sharp teeth.
Your uncanny sense of smell can sniff out nearby items.
Your experience applies equally to all skills.


Message History

You hit the quokka.
The quokka is almost dead.
The quokka barely misses you.
You barely miss the quokka.
The quokka is almost dead.
The quokka closely misses you. The quokka barely misses you.
You hit the quokka.
You kill the quokka!
No target in view!
You see here a quokka corpse.
You now have 166 gold pieces (gained 10).
You now have 184 gold pieces (gained 18).
Found a stone staircase leading down.
An orc priest comes into view. It is wielding a +0 mace.
Found 13 gold pieces.
The orc priest shouts!
An orc comes into view. It is wielding a +0 whip.
There are monsters nearby! 2 orcs come into view.
Found a large silver ring.
The orc shouts! x3
The orc priest calls down the wrath of Beogh upon you.
Beogh smites you!
An orc priest comes into view. It is wielding a +0 short sword.
The orc priest invokes the aid of Beogh against you.
Pain shoots through your body!
You hit the orc. You bite the orc, but do no damage.
The orc is almost dead.
The orc completely misses you.
The orc priest looks encouraged for a moment.
The orc hits you but does no damage.
The orc priest calls down the wrath of Beogh upon you.
Beogh smites you!
* * * LOW HITPOINT WARNING * * *
There is a stone staircase leading down here.
The orc hits you but does no damage.
The orc priest invokes the aid of Beogh against you.
Beogh smites you!
You die...
Your body glows slightly and disappears.

#.######### ##.##
#...# #...# #...#
#...# # #...#####
#.#####.........
.##...o@..........
......oo..........
......o.?.........
..o.#####....####.
.## #......
#..$#### #.=.#
...# ..


You could see 2 orc priests and 3 orcs.

Vanquished Creatures
  An ogre (D:4)
  2 hounds (D:5)
  A jelly (D:5)
  2 orc wizards (D:4)
  An iguana (D:4)
  3 gnolls (D:3)
  A white imp (D:5)
  2 worms
  7 dart slugs
  11 orcs
  8 endoplasms
  A giant cockroach (D:2)
  8 goblins
  9 hobgoblins
  6 jackals (D:1)
  10 kobolds
  4 quokkas
  12 ball pythons
  5 bats
  7 frilled lizards
  5 rats
106 creatures vanquished.

Notes
Turn   | Place    | Note
-------+----------+-------------------------------------------
     0 | D:1      | Bobit the Gnoll Wanderer began the quest for the Orb.
     0 | D:1      | Bobit set off with the following items: a +3 hand axe, a +0
                  | ring mail, a potion of haste.
     0 | D:1      | Reached XP level 1. HP: 26/26 MP: 1/1
   135 | D:1      | Reached XP level 2. HP: 27/33 MP: 2/2
   356 | D:1      | Reached XP level 3. HP: 38/38 MP: 3/3
   564 | D:1      | Reached skill level 1 in Invocations
  1219 | D:2      | Reached skill level 1 in Short Blades
  1219 | D:2      | Reached skill level 1 in Long Blades
  1219 | D:2      | Reached skill level 1 in Maces & Flails
  1219 | D:2      | Reached skill level 1 in Polearms
  1219 | D:2      | Reached skill level 1 in Staves
  1219 | D:2      | Reached skill level 1 in Ranged Weapons
  1219 | D:2      | Reached skill level 1 in Throwing
  1219 | D:2      | Reached skill level 1 in Dodging
  1219 | D:2      | Reached skill level 1 in Stealth
  1219 | D:2      | Reached skill level 1 in Shields
  1219 | D:2      | Reached skill level 1 in Unarmed Combat
  1219 | D:2      | Reached skill level 1 in Spellcasting
  1219 | D:2      | Reached skill level 1 in Evocations
  1347 | D:2      | Reached XP level 4. HP: 42/45 MP: 5/5
  1447 | D:2      | Identified the +2 robe of the Unseen Realm {rPois Str+3}
  1677 | D:2      | Found a faded altar of an unknown god.
  1706 | D:2      | Prayed at the altar of an unknown god.
  1706 | D:2      | Became a worshipper of Nemelex Xobeh the Trickster
  1706 | D:2      | Reached * piety under Nemelex Xobeh
  1706 | D:2      | Received a gift from Nemelex Xobeh
  1802 | D:3      | Reached skill level 1 in Conjurations
  1802 | D:3      | Reached skill level 1 in Hexes
  1802 | D:3      | Reached skill level 1 in Summonings
  1802 | D:3      | Reached skill level 1 in Necromancy
  1802 | D:3      | Reached skill level 1 in Translocations
  1802 | D:3      | Reached skill level 1 in Transmutations
  1802 | D:3      | Reached skill level 1 in Fire Magic
  1802 | D:3      | Reached skill level 1 in Ice Magic
  1802 | D:3      | Reached skill level 1 in Air Magic
  1802 | D:3      | Reached skill level 1 in Earth Magic
  1802 | D:3      | Reached skill level 1 in Poison Magic
  2417 | D:3      | Reached XP level 5. HP: 38/51 MP: 5/7
  2923 | D:4      | Noticed an ogre
  2931 | D:4      | Killed an ogre
  2932 | D:4      | Reached skill level 5 in Axes
  2932 | D:4      | Reached XP level 6. HP: 57/57 MP: 7/9
  2985 | D:4      | Reached ** piety under Nemelex Xobeh
  2985 | D:4      | Received a gift from Nemelex Xobeh
  3190 | D:4      | Found Mollin's Weapon Emporium.
  3276 | D:5      | Entered Level 5 of the Dungeon
  3584 | D:5      | Killed from afar by an orc priest

Illustrated notes

Levels and vault maps discovered:
D:1:      erik_arrival_triangle_small, layout_loops_cross,
          serial_co_window_serial, co_window_of_opportunity_a,
          co_window_corner_a, co_window_of_opportunity_a, co_window_corner_a,
          co_window_of_opportunity_a, co_window_paths_a, co_window_paths_b,
          co_window_corner_ca, co_window_corner_b, co_window_corner_ca,
          co_window_unsneaky_path_c, co_window_broadway_a, co_window_broadway_a
D:2:      layout_rooms, hellmonk_ecumenical_altar_defaced_shrine
D:3:      minmay_razor_zed, layout_loops_ring, serial_rivers,
          chequers_serial_rivers_room_a, chequers_serial_rivers_small_b,
          chequers_serial_rivers_marsh, chequers_serial_rivers_small_a,
          chequers_serial_rivers_small_3, chequers_serial_rivers_micro_c
D:4:      layout_basic, serial_shops, nicolae_shop_statue_plus
D:5:      layout_loops_cross, nicolae_dithmenos_through_a_glass_darkly,
          grunt_temple_overflow_diamond, minmay_temple_entry_offerings

Skill      XL: |  1  2  3  4  5 |
---------------+----------------+-----
Invocations    | 1 2 |  2.5
Short Blades   | 1 2 |  2.2
Long Blades    | 1 2 |  2.2
Maces & Flails | 1 2 |  2.2
Polearms       | 1 2 |  2.2
Staves         | 1 2 |  2.2
Ranged Weapons | 1 2 |  2.2
Throwing       | 1 2 |  2.2
Dodging        | 1 2 |  2.2
Stealth        | 1 2 |  2.2
Shields        | 1 2 |  2.2
Unarmed Combat | 1 2 |  2.2
Spellcasting   | 1 2 |  2.2
Evocations     | 1 2 |  2.2
Conjurations   | 1 |  1.8
Hexes          | 1 |  1.8
Summonings     | 1 |  1.8
Necromancy     | 1 |  1.8
Translocations | 1 |  1.8
Transmutations | 1 |  1.8
Fire Magic     | 1 |  1.8
Ice Magic      | 1 |  1.8
Air Magic      | 1 |  1.8
Earth Magic    | 1 |  1.8
Poison Magic   | 1 |  1.8
Axes           | 5 |  5.1
Fighting       | |  8.8
Armour         | |  8.8

Action                     |  1- 3 |  4- 6 || total
---------------------------+-------+-------++-------
  Melee: Hand axe          |    93 |   183 ||   276
         Bite              |     5 |    21 ||    26
 Armour: Ring mail         |    36 |       ||    36
         Chain mail        |     3 |   105 ||   108
  Dodge: Dodged            |    52 |    53 ||   105
